 Dungeon Crawl Stone Soup version 0.24-a0-180-g654ca03 (webtiles) character file.

Game seed: 6885079966148837508

177 CloudKeeper the Skirmisher (level 5, -1/42 HPs)
             Began as a Formicid Abyssal Knight on Mar 13, 2019.
             Was a Believer of Lugonu.
             Slain by a gnoll
             ... wielding a +0 halberd
              (6 damage)
             ... on level 3 of the Dungeon.
             The game lasted 00:07:11 (2704 turns).

CloudKeeper the Skirmisher (FoAK)                   Turns: 2704, Time: 00:07:11

Health: -1/42      AC:  7    Str: 17    XL:     5   Next: 87%
Magic:  6/6        EV: 15    Int: 12    God:    Lugonu [**....]
Gold:   121        SH:  0    Dex: 15    Spells: 4/4 levels left

rFire    . . .     SeeInvis +   a - +1 hand axe
rCold    . . .     Gourm    .   (no shield)
rNeg     . . .     Faith    .   l - +0 scale mail
rPois    .         Spirit   .   (helmet unavailable)
rElec    .         Reflect  .   (no cloak)
rCorr    .         Harm     .   p - +0 pair of gloves (curse)
MR       +....                  (no boots)
Stlth    +.........             (no amulet)
HPRegen  0.14/turn              f - ring of protection from magic
MPRegen  0.10/turn              i - ring of see invisible

@: agile
A: permanent stasis, dig shafts and tunnels, four strong arms, antennae 3
a: Dig, Shaft Self, Depart the Abyss, Bend Space, Renounce Religion


You were on level 3 of the Dungeon.
You worshipped Lugonu.
Lugonu was pleased with you.
You were not hungry.

You visited 1 branch of the dungeon, and saw 3 of its levels.
You visited the Abyss 1 time.

You collected 121 gold pieces.

Inventory:

Hand Weapons
 a - a +1 hand axe (weapon)
Armour
 l - a +0 scale mail (worn)
 p - a cursed +0 pair of gloves (worn)
Jewellery
 f - a ring of protection from magic (left hand)
 i - a ring of see invisible (right hand)
Scrolls
 d - a scroll of amnesia {unknown}
 e - 4 scrolls of noise {unknown}
 h - a scroll of fear {unknown}
 j - a scroll of fog {unknown}
 k - 2 scrolls of magic mapping {unknown}
 o - a scroll of teleportation {unknown}
Potions
 n - a potion of agility
Comestibles
 b - a chunk of flesh
 c - 5 rations


   Skills:
 + Level 4.1 Fighting
 + Level 3.9 Axes
 + Level 3.0 Armour
 + Level 1.9 Dodging
 + Level 0.8 Stealth
 + Level 2.5 Invocations


You had 4 spell levels left.
You didn't know any spells.
Your spell library was empty.

Dungeon Overview and Level Annotations

Branches:
Dungeon (3/15)

Altars:
Ashenzari
Hepliaklqana
Sif Muna


Innate Abilities, Weirdness & Mutations

You cannot be hasted, slowed, berserked, paralysed or teleported.
You can dig through walls and to a lower floor.
Your four strong arms can wield two-handed weapons with a shield.
You have a pair of large antennae on your head. (SInv)


Message History

The gnoll is lightly wounded.
You barely miss the gnoll.
The gnoll hits you but does no damage. x2
The gnoll closely misses you.
You hit the gnoll but do no damage.
The gnoll is lightly wounded.
You closely miss the gnoll. The gnoll hits you with a +0 spear!
* * * LOW HITPOINT WARNING * * *
The gnoll completely misses you. The gnoll closely misses you.
The gnoll misses you.
The gnoll hits you from afar with a +0 spear.
* * * LOW HITPOINT WARNING * * *
Press: ? - help, v - describe, . - travel, g - get item A +0 spear of freezing.
There is something else lying underneath.
The floor.
You closely miss the gnoll. The gnoll completely misses you.
You hit the gnoll.
The gnoll is lightly wounded.
The gnoll hits you from afar with a +0 halberd.
You die...

...# #..............
...#######..............
...#....................
...#....................
.###....................
........................
####.......#####.#...#...........
# #.......# #.#...#........... #
#.......# #@#...#........... #
######### #g# ..#........... #
#....#####g# ..#...........
#######........#g#...#...........
...............#g##..............
.............g.#.##..#........###
.........#.....#.##..#........'..
......รท..............#.#......###
.........########.##......#..).#


You could see 4 gnolls.

Vanquished Creatures
  An orc wizard (D:3)
  4 gnolls (D:3)
  2 adders (D:2)
  An ooze (D:1)
  3 worms
  2 dart slugs
  A leopard gecko (D:3)
  2 orcs (D:3)
  2 ball pythons (D:2)
  9 bats
  4 giant cockroaches
  8 hobgoblins
  8 jackals
  7 kobolds
  2 quokkas (D:3)
  3 frilled lizards (D:2)
  7 goblins
  5 rats
71 creatures vanquished.

Notes
Turn   | Place    | Note
-------+----------+-------------------------------------------
     0 | Abyss:1  | CloudKeeper the Formicid Abyssal Knight began the quest for
                  | the Orb.
     0 | Abyss:1  | Reached XP level 1. HP: 18/18 MP: 2/2
    64 | Abyss:1  | Noticed a large abomination
    76 | Abyss:1  | Noticed a small abomination
    79 | D:1      | Escaped the Abyss
   209 | D:1      | Reached XP level 2. HP: 22/24 MP: 3/3
   240 | D:1      | Reached * piety under Lugonu
   325 | D:1      | Reached XP level 3. HP: 8/30 MP: 4/4
   924 | D:2      | Reached skill level 1 in Dodging
   932 | D:2      | Reached skill level 4 in Fighting
  1171 | D:2      | Reached XP level 4. HP: 34/37 MP: 5/5
  1671 | D:2      | Found a shattered altar of Ashenzari.
  1884 | D:2      | Found a deep blue altar of Sif Muna.
  2050 | D:3      | Reached ** piety under Lugonu
  2052 | D:3      | Reached XP level 5. HP: 34/42 MP: 6/6
  2372 | D:3      | Found a hazy altar of Hepliaklqana.
  2704 | D:3      | Slain by a gnoll

Levels and vault maps discovered:
D:1:      dpeg_arrival_windows_large_door, layout_rooms,
          chequers_serial_rivers_large_a, minmay_splitting_lines,
          chequers_mini_garden
D:2:      layout_loops_ring, marbit_many_paths, nicolae_overflow_hidden_temple,
          first_ration
D:3:      lemuel_castle_with_subvaults [lemuel_castle_interior_carwin_1],
          layout_basic, lemuel_doored_altar
Abyss:1

Skill      XL: |  1  2  3  4  5 |
---------------+----------------+-----
Dodging        | 1 |  1.9
Fighting       | 4 |  4.1
Axes           | 3 |  3.9
Armour         | 3 |  3.0
Stealth        | |  0.8
Invocations    | |  2.5

Action                   |  1- 3 |  4- 6 || total
-------------------------+-------+-------++-------
Melee: Hand axe          |    92 |   157 ||   249
Throw: Throwing net      |     1 |       ||     1
Invok: Depart the Abyss  |     1 |       ||     1
 Abil: Dig               |       |     1 ||     1
  Use: Potion            |       |     3 ||     3
  Eat: Chunk             |     1 |     5 ||     6
Armor: Leather armour    |    37 |    33 ||    70
       Scale mail        |       |    27 ||    27
Dodge: Dodged            |    65 |   118 ||   183

Table legend:
 A = Non-vault XP
 B = Vault XP
 C = Vault XP percentage of total XP
 D = Non-vault monster count
 E = Vault monster count
 F = Vault count percentage of total count
                 A         B        C        D         E       F
            +---------+---------+-------+---------+---------+-------
      Total |     189 |      64 |  25.3 |      62 |       9 |  12.7
            +---------+---------+-------+---------+---------+-------
        D:1 |      46 |       0 |   0.0 |      22 |       0 |   0.0
        D:2 |      76 |       1 |   1.3 |      27 |       1 |   3.6
        D:3 |      67 |      63 |  48.5 |      13 |       8 |  38.1
            +---------+---------+-------+---------+---------+-------
